 Dungeon Crawl Stone Soup version 0.18.1-8-gdd0e5ea (webtiles) character file.

5050 senseless the Blocker (level 10, -2/91 HPs)
             Began as a Hill Orc Fighter on May 27, 2016.
             Was a High Priest of Cheibriados.
             Slain by a hill giant
             ... wielding a +0 giant club
              (10 damage)
             ... on level 10 of the Dungeon.
             The game lasted 00:33:19 (6603 turns).

senseless the Blocker (Hill Orc Fighter)            Turns: 6603, Time: 00:33:20

Health: -2/91      AC: 16    Str: 40    XL:     10   Next: 56%
Magic:  19/19      EV:  9    Int: 21    God:    Cheibriados [*****.]
Gold:   511        SH: 22    Dex: 33    Spells: 0 memorised, 9 levels left

rFire  + . .     SeeInvis .     G - +3 mace "Luarph" {crush, +Fly Str+4}
rCold  . . .     Gourm    .     b - +7 leather armour of Voimofia {rF+ rN++ Stlth+}
rNeg   + + .     Faith    .     A - +0 large shield
rPois  .         Spirit   .     (no helmet)
rElec  +         Dismiss  .     s - +1 cloak
rCorr  .         Reflect  .     K - +0 pair of gloves
SustAt .         Harm     +     w - +0 pair of boots
MR     .....                    F - amulet "Peopot" {Harm *Drain rElec MP+9}
Stlth  ++++......               z - +3 ring of dexterity
                                q - +3 ring of strength

@: very slow, not resistant to hostile enchantments, stealthy
A: thin skeletal structure 1, agile 1
a: Bend Time, Temporal Distortion, Slouch, Step From Time, Renounce Religion,
Evoke Flight


You were on level 10 of the Dungeon.
You worshipped Cheibriados.
Cheibriados was extremely pleased with you.
You were not hungry.

You visited 1 branch of the dungeon, and saw 10 of its levels.

You collected 511 gold pieces.

Inventory:

Hand Weapons
 a - a +1 war axe
 k - a +3 flail
 G - the +3 mace "Luarph" (weapon) {crush, +Fly Str+4}
   (You found it on level 4 of the Dungeon)

   It inflicts extra damage upon your enemies.
   It affects your strength (+4).
   It lets you fly.
 L - the +1 flail "Nais" {freeze, *Corrode rN+ Dex+4}
   (You found it on level 8 of the Dungeon)

   It has been specially enchanted to freeze those struck by it, causing extra
   injury to most foes and up to half again as much damage against particularly
   susceptible opponents.
   It can also slow down cold-blooded creatures.
   It affects your dexterity (+4).
   It protects you from negative energy.
   It may corrode you when you take damage.
 O - a +2 mace of holy wrath
Missiles
 c - 7 tomahawks
 e - 6 poisoned tomahawks (quivered)
Armour
 b - the +7 leather armour of Voimofia (worn) {rF+ rN++ Stlth+}
   (You found it on level 8 of the Dungeon)

   It protects you from fire.
   It greatly protects you from negative energy.
   It makes you more stealthy.
 n - a +0 plate armour
 s - a +1 cloak (worn)
 w - a +0 pair of boots (worn)
 A - a +0 large shield (worn)
 J - a +0 cloak
 K - a +0 pair of gloves (worn)
Jewellery
 q - a +3 ring of strength (left hand)
 r - an uncursed ring of magical power
 x - an uncursed amulet of harm
 z - a +3 ring of dexterity (right hand)
 F - the amulet "Peopot" (around neck) {Harm *Drain rElec MP+9}
   (You found it on level 8 of the Dungeon)

   [amulet of harm]

   It increases damage dealt and taken.
   It insulates you from electricity.
   It affects your magic capacity (+9).
 H - an uncursed ring of protection from cold
Wands
 i - a wand of slowing (24/48)
 C - a wand of acid (12/15)
 M - a wand of lightning (5/15)
Scrolls
 j - 2 scrolls of amnesia
 l - 7 scrolls of remove curse
 o - 3 scrolls of fog
 y - a scroll of summoning
 D - a scroll of magic mapping
 I - a scroll of fear
 P - a scroll of teleportation
Potions
 d - 2 potions of might
 h - 3 potions of resistance
 m - 2 potions of ambrosia
 p - 2 potions of magic
 t - 2 potions of brilliance
 u - a potion of flight
 v - 3 potions of curing
 E - a potion of cure mutation
 N - a potion of cancellation {unknown}
 Q - a potion of degeneration {unknown}
Comestibles
 f - 5 bread rations
 g - 9 meat rations
 B - a beef jerky
 R - 2 fruits
 S - 5 chunks of flesh


   Skills:
 + Level 9.2 Fighting
 - Level 6.3(8.2) Axes
 + Level 6.6(7.4) Maces & Flails
 + Level 9.0 Armour
 - Level 1.2 Dodging
 + Level 9.4 Shields


You had 9 spell levels left.
You didn't know any spells.

Dungeon Overview and Level Annotations

Branches:
Dungeon (10/15)            Temple (0/1) D:5
   Lair: D:8-11         Orc: D:9-12

Altars:
Ashenzari
Cheibriados
Dithmenos
Elyvilon
Fedhas
Gozag
Makhleb
Nemelex Xobeh
Qazlal
Ru
Sif Muna
Trog
Xom
Yredelemnul


Innate Abilities, Weirdness & Mutations

You have a somewhat thin skeletal structure (Dex +2, Stealth).
You are agile. (Dex +2)


Message History

You kill the hill giant!
Cheibriados thoroughly appreciates the change of pace.
Your Armour skill increases to level 9!
You block the hill giant's attack. The orc hits you but does no damage. x2
You barely miss the hill giant. You block the hill giant's attack.
You block the orc's attack. x2
You hit the hill giant but do no damage.
You block the orc's attack.
The hill giant hits you with a giant club!!
* * * LOW HITPOINT WARNING * * *
The orc hits you but does no damage.
You sock the hill giant!
The hill giant is moderately wounded.
You block the orc's attack. x2
The hill giant hits you with a giant club.
* * * LOW HITPOINT WARNING * * *
You feel better. The orc hits you but does no damage.
You block the orc's attack.
The hill giant hits you with a giant club!
You die...

..#..
#......#..# ...
.....
#......#..# ...
.....
#......#..#...
#####
####..##..#.#
#.....#.....#
#.....#.....#
#.....#...o.#
#.....#oC...#
#....@#).####.
#...o)Co.......
#..............
#..............
#..###...######
#... #.... #...
#..... ###
#####.. ...


You could see a hill giant and 2 orcs.

Vanquished Creatures
  A hill giant (D:10)
  The ghost of aeluma the Ruffian, an amateur NaTm (D:4)
  A two-headed ogre (D:8)
  Prince Ribbit (D:5)
  Sigmund (D:5)
  The ghost of Xiguana the Caller, an amateur TeSu of Vehumet (D:5)
  A wyvern (D:10)
  A hungry ghost (D:5)
  A hippogriff (D:10)
  2 orc warriors
  2 sky beasts
  2 ice beasts
  3 phantoms
  An eye of draining (D:9)
  4 ogres
  2 centaurs
  A necrophage (D:10)
  8 giant frogs
  A scorpion (D:9)
  3 crimson imps
  A jelly (D:8)
  A giant frog zombie (D:9)
  5 hounds
  5 orc wizards
  2 orc priests
  3 giant frog skeletons
  Ijyb (D:2)
  4 iguanas
  4 worker ants
  A sheep (D:6)
  2 killer bee zombies
  2 hound skeletons
  10 gnolls
  7 adders
  2 oozes
  5 worms
  3 dart slugs
  7 giant geckos
  26 orcs
  2 ball pythons
  A bat (D:1)
  7 giant cockroaches
  4 goblins
  6 hobgoblins
  17 jackals
  6 quokkas
  A giant gecko zombie (D:7)
  6 giant newts
  A jackal skeleton (D:7)
  4 kobolds
  A quokka zombie (D:5)
  10 rats
195 creatures vanquished.

Vanquished Creatures (collateral kills)
  2 orcs (D:8)
2 creatures vanquished.

Grand Total: 197 creatures vanquished

Notes
Turn   | Place    | Note
--------------------------------------------------------------
     0 | D:1      | senseless the Hill Orc Fighter began the quest for the Orb.
     0 | D:1      | Reached XP level 1. HP: 19/19 MP: 1/1
    82 | D:1      | Reached XP level 2. HP: 16/27 MP: 2/2
   692 | D:2      | Reached XP level 3. HP: 32/33 MP: 3/3
   772 | D:2      | Noticed Ijyb
   781 | D:2      | Killed Ijyb
   781 | D:2      | Reached XP level 4. HP: 33/40 MP: 4/4
   997 | D:2      | Found a white marble altar of Elyvilon.
  1051 | D:2      | Found a basalt altar of Yredelemnul.
  1579 | D:3      | Reached XP level 5. HP: 44/46 MP: 5/5
  1619 | D:3      | Found a snail-covered altar of Cheibriados.
  1639 | D:3      | Became a worshipper of Cheibriados the Contemplative
  1970 | D:3      | Reached skill level 1 in Dodging
  2086 | D:3      | Reached * piety under Cheibriados
  2296 | D:4      | Noticed a phantom
  2326 | D:4      | Killed a phantom
  2326 | D:4      | Reached XP level 6. HP: 40/53 MP: 6/6
  2365 | D:4      | Reached skill level 5 in Axes
  2365 | D:4      | Reached skill level 5 in Armour
  2365 | D:4      | Reached skill level 5 in Shields
  2405 | D:4      | Found a shattered altar of Ashenzari.
  2434 | D:4      | Found a blossoming altar of Fedhas.
  2545 | D:4      | Reached XP level 7. HP: 60/60 MP: 7/7
  2567 | D:4      | Reached skill level 5 in Fighting
  2584 | D:4      | Reached ** piety under Cheibriados
  2592 | D:4      | Noticed aeluma's ghost (amateur NaTm)
  2617 | D:4      | Killed aeluma's ghost
  2709 | D:4      | Noticed a moth of wrath
  2712 | D:4      | Found a bloodstained altar of Trog.
  2741 | D:4      | Got a transparent mace
  2767 | D:4      | Found a stormy altar of Qazlal.
  2973 | D:4      | Identified the +3 mace "Luarph" {crush, +Fly Str+4} (You found it on level 4 of the Dungeon)
  2989 | D:5      | Entered Level 5 of the Dungeon
  3005 | D:5      | Reached XP level 8. HP: 68/68 MP: 8/8
  3167 | D:5      | Found a staircase to the Ecumenical Temple.
  3206 | D:5      | Found a sacrificial altar of Ru.
  3228 | D:5      | Noticed Prince Ribbit
  3232 | D:5      | Killed Prince Ribbit
  3232 | D:5      | Reached skill level 1 in Maces & Flails
  3276 | D:5      | Noticed Xiguana's ghost (amateur TeSu)
  3278 | D:5      | Killed Xiguana's ghost
  3383 | D:5      | Noticed Sigmund
  3391 | D:5      | Killed Sigmund
  3444 | D:5      | Reached *** piety under Cheibriados
  3444 | D:5      | Reached XP level 9. HP: 70/78 MP: 9/9
  3769 | D:6      | Gained mutation: You have a somewhat thin skeletal structure (Dex +2, Stealth). [mutagenic meat]
  3770 | D:6      | Gained mutation: You are agile. (Dex +2) [mutagenic meat]
  3853 | D:6      | Found a bloodstained altar of Trog.
  4001 | D:6      | Reached **** piety under Cheibriados
  4482 | D:7      | Found a shadowy altar of Dithmenos.
  4832 | D:7      | Reached skill level 5 in Maces & Flails
  4984 | D:8      | Got a steaming golden amulet
  4987 | D:8      | Identified the amulet "Peopot" {Harm *Drain rElec MP+9} (You found it on level 8 of the Dungeon)
  5037 | D:8      | Found a deep blue altar of Sif Muna.
  5060 | D:8      | Reached ***** piety under Cheibriados
  5085 | D:8      | Noticed a two-headed ogre
  5091 | D:8      | Killed a two-headed ogre
  5091 | D:8      | Reached XP level 10. HP: 36/90 MP: 10/10
  5106 | D:8      | Found a blossoming altar of Fedhas.
  5331 | D:8      | Found a shimmering altar of Xom.
  5379 | D:8      | Got a transparent leather armour
  5391 | D:8      | Got a brightly glowing flail
  5587 | D:8      | Found a burning altar of Makhleb.
  5587 | D:8      | Noticed an Executioner
  5612 | D:8      | Identified the cursed +1 flail "Nais" {freeze, *Corrode rN+ Dex+4} (You found it on level 8 of the Dungeon)
  5623 | D:8      | Identified the +7 leather armour of Voimofia {rF+ rN++ Stlth+} (You found it on level 8 of the Dungeon)
  5909 | D:9      | Found an opulent altar of Gozag.
  5910 | D:9      | Found a sparkling altar of Nemelex Xobeh.
  6498 | D:10     | Entered Level 10 of the Dungeon
  6582 | D:10     | Noticed a hill giant
  6583 | D:10     | Noticed a hill giant
  6599 | D:10     | Killed a hill giant
  6602 | D:10     | HP: 1/91 [hill giant/giant club (7)]
  6603 | D:10     | Slain by a hill giant

Skill      XL: |  1  2  3  4  5  6  7  8  9 10 |
---------------+-------------------------------+-----
Axes           | 3 4 5 6 |  6.3
Fighting       | 4 5 6 8 9 |  9.2
Armour         | 4 5 6 8 9 |  9.0
Shields        | 4 5 6 7 8 9 |  9.4
Dodging        | 1 |  1.2
Maces & Flails | 3 5 6 |  6.6

Action                   |  1- 3 |  4- 6 |  7- 9 | 10-12 || total
-------------------------+-------+-------+-------+-------++-------
Melee: War axe           |    78 |   192 |    68 |       ||   338
       Mace              |       |       |   200 |   115 ||   315
  Use: Scroll            |     9 |     3 |    11 |     4 ||    27
       Potion            |       |       |       |     1 ||     1
 Stab: Sleeping          |       |       |       |     2 ||     2
  Eat: Chunk             |       |     5 |     8 |     3 ||    16
       Royal jelly       |       |       |     1 |       ||     1
Armor: Scale mail        |     7 |       |       |       ||     7
       Plate armour      |    26 |   104 |    91 |     7 ||   228
       Leather armour    |       |       |       |    30 ||    30
Dodge: Dodged            |    15 |    23 |    29 |    12 ||    79
Block: Shield            |    49 |    28 |       |       ||    77
       Large shield      |       |   104 |   250 |   139 ||   493
